 Dungeon Crawl Stone Soup version 0.22.0-49-gab54619674 (webtiles) character file.

312 RealIsaac the Ruffian (level 6, -1/48 HPs)
             Began as a Human Berserker on Sept 4, 2018.
             Was a Believer of Trog.
             Succumbed to an orc's poison
             ... on level 3 of the Dungeon.
             The game lasted 00:10:39 (3084 turns).

RealIsaac the Ruffian (Human Berserker)             Turns: 3084, Time: 00:10:40

Health: -1/48      AC: 10    Str: 19    XL:     6   Next: 71%
Magic:  6/6        EV:  8    Int:  7    God:    Trog [**....]
Gold:   106        SH:  0    Dex: 13    Spells: 5/5 levels left

rFire    . . .     SeeInvis .     - Unarmed
rCold    . . .     Gourm    .   (no shield)
rNeg     . . .     Faith    .   l - +0 chain mail
rPois    .         Spirit   .   (no helmet)
rElec    .         Reflect  .   (no cloak)
rCorr    .         Harm     .   (no gloves)
MR       ++...                  h - +0 pair of boots (curse)
Stlth    ..........             (no amulet)
HPRegen  1.16/turn              (no ring)
MPRegen  0.10/turn              (no ring)

@: lethally poisoned (-1 -> -17), regenerating
A: no striking features
a: Berserk, Trog's Hand, Renounce Religion


You were on level 3 of the Dungeon.
You worshipped Trog.
Trog was pleased with you.
You were very hungry.

You visited 1 branch of the dungeon, and saw 3 of its levels.

You collected 106 gold pieces.

Inventory:

Hand Weapons
 r - a +3 quarterstaff of chaos
Armour
 a - a +0 animal skin
 h - a cursed +0 pair of boots (worn)
 l - a +0 chain mail (worn)
 o - a +2 robe of cold resistance
Jewellery
 t - an uncursed ring of stealth {unknown}
Wands
 u - a wand of clouds (5)
Scrolls
 d - 4 scrolls of identify {unknown}
 i - a scroll of immolation {unknown}
 j - a scroll of blinking {unknown}
 p - a scroll of enchant armour {unknown}
 q - a scroll of remove curse {unknown}
Potions
 c - a potion of degeneration {unknown}
 e - a potion of curing {unknown}
 f - a potion of agility {unknown}
 g - a potion of lignification {unknown}
 k - a potion of brilliance {unknown}
 n - a potion of mutation {unknown}
 s - a potion of magic {unknown}
Comestibles
 b - 6 rations


   Skills:
 + Level 3.7 Fighting
 + Level 3.1 Armour
 + Level 2.9 Dodging
 + Level 1.2 Stealth
 + Level 5.4 Unarmed Combat


You had 5 spell levels left.
You didn't know any spells.
Your spell library was empty.

Dungeon Overview and Level Annotations

Branches:
Dungeon (3/15)

Altars:
Sif Muna
Xom
Yredelemnul

Annotations:
D:2 Natasha


Message History

You feel sick. The orc hits you with a short sword.
* * * LOW HITPOINT WARNING * * *
The orc hits you with a dagger of venom.
* * * LOW HITPOINT WARNING * * *
You are more poisoned.
Your skin crawls.
You feel resistant to hostile enchantments.
You are feeling very hungry.
* * * LOW HITPOINT WARNING * * *
You feel very sick. The orc hits you but does no damage. x2
You are more poisoned.
You hit the orc but do no damage.
* * * LOW HITPOINT WARNING * * *
You feel very sick. The orc hits you but does no damage.
The orc closely misses you.
You punch the orc!
You kill the orc!
Trog accepts your kill.
You die...

#. .. .# ##. .. ....
#. ... ##+# #. #.##
##...##
#.#...#.##.....##
#.)#.##.#.......##
##)@o.##..........##
#...[.............'.
##!...###.........##
##.#.# #.......##
###.# ##.....## #.#
##...## #.# ##'##
#.# #####.##
#.###......#


You could see an orc.

Vanquished Creatures
  A crimson imp (D:2)
  A bullfrog skeleton (D:3)
  An orc wizard (D:3)
  Jessica (D:2)
  Crazy Yiuf (D:2)
  Terence (D:2)
  A hound zombie (D:3)
  5 adders
  2 oozes
  5 dart slugs
  A leopard gecko (D:1)
  6 orcs (D:3)
  A giant cockroach (D:3)
  6 goblins
  10 hobgoblins
  6 kobolds
  9 bats
  6 frilled lizards
  7 rats
71 creatures vanquished.

Notes
Turn   | Place    | Note
-------+----------+-------------------------------------------
     0 | D:1      | RealIsaac the Human Berserker began the quest for the Orb.
     0 | D:1      | Reached XP level 1. HP: 18/18 MP: 1/1
    18 | D:1      | Reached XP level 2. HP: 8/24 MP: 2/2
   387 | D:1      | Reached XP level 3. HP: 16/29 MP: 3/3
   390 | D:1      | HP: 1/29 [kobold/enchanted short sword (7)]
   902 | D:1      | Reached ** piety under Trog
  1364 | D:2      | Found a basalt altar of Yredelemnul.
  1454 | D:2      | Reached XP level 4. HP: 35/35 MP: 4/4
  1474 | D:2      | Noticed Terence
  1505 | D:2      | Killed Terence
  1505 | D:2      | Reached skill level 4 in Unarmed Combat
  1795 | D:2      | Found a deep blue altar of Sif Muna.
  1795 | D:2      | Noticed Natasha
  1817 | D:2      | Noticed Jessica
  1831 | D:2      | Killed Jessica
  1831 | D:2      | Reached XP level 5. HP: 41/41 MP: 5/5
  1838 | D:2      | Found a shimmering altar of Xom.
  1889 | D:2      | Reached skill level 1 in Stealth
  2419 | D:2      | Found a runed door.
  2423 | D:2      | Noticed Crazy Yiuf
  2431 | D:2      | Killed Crazy Yiuf
  2431 | D:2      | Reached XP level 6. HP: 47/48 MP: 6/6
  2530 | D:3      | Reached skill level 5 in Unarmed Combat
  3083 | D:3      | HP: 2/48 [poisoned by an orc]
  3084 | D:3      | Succumbed to an orc's poison

Skill      XL: |  1  2  3  4  5  6 |
---------------+-------------------+-----
Unarmed Combat | 4 5 |  5.4
Stealth        | 1 |  1.2
Armour         | 3 |  3.1
Fighting       | |  3.7
Dodging        | |  2.9

Action                   |  1- 3 |  4- 6 || total
-------------------------+-------+-------++-------
Melee: Unarmed           |   119 |   172 ||   291
       Punch             |     4 |     4 ||     8
Invok: Berserk           |     1 |       ||     1
       Trog's Hand       |       |     3 ||     3
  Eat: Chunk             |     3 |     5 ||     8
Armor: Animal skin       |    20 |       ||    20
       Chain mail        |       |    82 ||    82
       Ring mail         |       |     5 ||     5
Dodge: Dodged            |   103 |    68 ||   171
